Unix NetHack Version 5.0.0-0 post-release - last build May 31 2026 23:59:36 (970b52f25bf058293b47ddfd14a1e40e571c508c,branch:main).

Game began 2026-06-02 10:04:52, ended 2026-06-02 10:26:13.

GdeVolpiano, lawful male human Archeologist

       ----  ----
      --..|  |..------.
      |...---|@G..--....
     --.....---^|G.G....
     |..........|-------
     ----....----
        --...|
        --...|
    ----|..---
   --.|.|.--
   |......|  ---
   |.>....----.----
   --......--.....|
    |.............--
    |..........[...--
    |..........%....--
    |....^........%..|
    |.......).....|..|
    ---....--...------
      ---.----..|
         --  ----
GdeVolpiano the Field Worker  St:12 Dx:10 Co:12 In:14 Wi:18 Ch:10  Lawful
Dlvl:5  $:0  HP:0(37) Pw:34(34) AC:5  Xp:5 T:1908 

Latest messages:
 You kill the gnome!
 Z - a swirly potion.
 a - a partly used candle (lit).
 What do you want to use or apply? [aegiuwzFO or ?*]
 You snuff out your candle.
 You see here a worthless piece of orange glass.
 The gnome swings his thonged club.
 The gnome hits!
 You kill the gnome!
 You see here a thonged club.
 You find a teleportation trap.
 What do you want to use or apply? [aegiuwzFO or ?*]
 Your lamp is now on.
 You descend the stairs.
 You climb up the stairs.
 The dwarf thrusts his dagger.
 The dwarf hits!
 The dwarf picks up a worthless piece of orange glass.
 The dwarf thrusts his dagger.
 The dwarf hits!
 You hit the dwarf.
 You hit the dwarf.
 The dwarf thrusts his dagger.
 The dwarf hits!
 What do you want to use or apply? [aegiuwzFO or ?*]
 Improvise? [ynq] (q)
 You start playing your frost horn.
 In what direction?
 A bolt of cold blasts out of the horn!
 You kill the dwarf!
 You see here a key.
 b - a key.
 #
 What do you want to adjust? [a-egikuwzAEFOPRSVX-Z or ?*]
 Adjust letter to what [bfhjl-tvxyB-DG-NQTUW] (? see used letters)?
 Swapping: k - a key.
 You see here a thonged club.
 An arrow shoots out at you!
 You are hit by an arrow!
 The gnome misses!
 You kill the gnome!
 You hit the gnome lord.
 You hit the gnome lord.
 The gnome lord hits!
 You hit the gnome lord.
 Really step onto that arrow trap? [yn] (n)
 You hit the gnome lord!
 The gnome lord hits!
 You die...
 Do you want your possessions identified? [ynq] (y)

Inventory:
 Amulets  ('"')
  b - an uncursed amulet of ESP (being worn)
 Armor    ('[')
  c - an uncursed +0 fedora (being worn)
  P - an uncursed +0 pair of elven boots (being worn)
  V - an uncursed +0 dwarvish cloak (being worn)
  R - a blessed +0 scale mail (being worn)
 Comestibles  ('%')
  d - 3 uncursed food rations
 Scrolls  ('?')
  Y - a blessed scroll of earth
  E - an uncursed scroll of food detection
  X - an uncursed scroll of gold detection
 Potions  ('!')
  A - a cursed potion of acid
  Z - an uncursed potion of booze
  S - an uncursed potion of levitation
 Wands    ('/')
  O - a wand of light (0:10)
  u - a wand of teleportation (0:2)
 Tools    ('(')
  F - an uncursed oilskin sack containing 4 items
  z - a frost horn (0:2)
  w - a cursed magic whistle
  i - an uncursed oil lamp (lit)
  e - a +0 pick-axe (weapon in right hand)
  k - an uncursed skeleton key
  a - an uncursed partly used wax candle
 Gems/Stones  ('*')
  g - an uncursed touchstone

Contents of the oilskin sack:
  17 gold pieces
  an uncursed scroll of confuse monster
  an uncursed scroll of enchant armor
  an uncursed jet stone

GdeVolpiano the Archeologist's attributes:

Background:
 You were a Field Worker, a level 5 male human Archeologist.
 You were lawful, on a mission for Quetzalcoatl
 who was opposed by Camaxtli (neutral) and Huhetotl (chaotic).
 You were right-handed.
 You were in the Gnomish Mines, on level 5.
 You entered the dungeon 1908 turns ago.
 There was a full moon in effect when your adventure ended.
 You had 283 experience points, 37 more were needed to attain level 6.

Basics:
 You had 0 out of 37 hit points.
 You had all 34 energy points (spell power).
 Your armor class was 5.
 Your wallet was empty, but
 you had 17 zorkmids stashed away in your pack.
 Autopickup was on for '$?!/="+' plus thrown, with exceptions.

Final Characteristics:
 Your strength was 12 (limit:18/100).
 Your dexterity was 10 (limit:18).
 Your constitution was 12 (limit:18).
 Your intelligence was 14 (limit:18).
 Your wisdom was 18 (limit:18).
 Your charisma was 10 (limit:18).

Final Status:
 You weren't hungry.
 You were unencumbered.
 You were wielding a pick-axe.
 You had basic skill with pick-axe and could have enhanced that.

Final Attributes:
 You had transgressed.
 You were fire resistant.
 Your items were somewhat protected from fire.
 Your items were somewhat protected from cold.
 You were telepathic.
 You had automatic searching.
 You were stealthy.
 You were warded.
 You were lucky.
 You are dead.

Miscellaneous:
 You didn't encounter any bones levels.
 Total elapsed playing time was 21 minutes and 18 seconds.

Major events:
 Turn
    1: GdeVolpiano the lawful male human Archeologist entered the dungeon
  363: entered the Gnomish Mines
  753: attained the rank of Field Worker (level 3)
 1908: killed by a gnome lord

You didn't know any spells.

Skills:
 Fighting Skills
   bare handed combat [Unskilled]
   two weapon combat  [Unskilled]
   riding             [Unskilled]
 Weapon Skills
   dagger             [Unskilled]
   knife              [Unskilled]
   pick-axe           [Basic]
   short sword        [Unskilled]
   saber              [Unskilled]
   club               [Unskilled]
   quarterstaff       [Unskilled]
   sling              [Unskilled]
   dart               [Unskilled]
   boomerang          [Unskilled]
   whip               [Basic]
   unicorn horn       [Unskilled]
 Spellcasting Skills
   attack spells      [Unskilled]
   healing spells     [Unskilled]
   divination spells  [Unskilled]
   matter spells      [Unskilled]

Voluntary challenges:
 Character rerolling was not enabled.
 You never genocided any monsters.
 You never polymorphed an object.
 You never changed form.
 You used no wishes.
Achievements:
 You entered the Gnomish Mines.
 You entered a shop.
 You attained the rank of Field Worker.

 The Dungeons of Doom: levels 1 to 3
    Level 1:
       A fountain.
    Level 2:
       A general store.
       Stairs down to The Gnomish Mines.
    Level 3:
 The Gnomish Mines: levels 3 to 6
    Level 3:
    Level 4:
    Level 5: <- You were here.
       Final resting place for
          you, killed by a gnome lord.
    Level 6:


Vanquished creatures:
  2 gnome leaders
  2 gnomish wizards
  3 dwarves
  a homunculus
  a wererat
  3 manes
  a hobgoblin
  2 giant rats
  a brown mold
  a red mold
 20 gnomes
  a gecko
  3 jackals
  2 kobolds
  a goblin
  a grid bug
  3 lichens
  7 newts
55 creatures vanquished.

No species were genocided or became extinct.

Game over:
                       ----------
                      /          \
                     /    REST    \
                    /      IN      \
                   /     PEACE      \
                  /                  \
                  |   GdeVolpiano    |
                  |      17 Au       |
                  |   killed by a    |
                  |    gnome lord    |
                  |                  |
                  |                  |
                  |       2026       |
                 *|     *  *  *      | *
        _________)/\\_//(\/(/\)/\//\/|_)_______

Goodbye GdeVolpiano the Archeologist...

You died in The Gnomish Mines on dungeon level 5 with 1418 points,
and 17 pieces of gold, after 1908 moves.
You were level 5 with a maximum of 37 hit points when you died.

